 Dungeon Crawl Stone Soup version 0.28.0-53-g5a82cb258f (webtiles) character file.

Game seed: 16291069373683853743

420 LustLizard the Stinger (level 6, -1/35 HPs)
             Began as a Gargoyle Venom Mage on June 29, 2022.
             Slain by a phantom (3 damage)
             ... on level 5 of the Dungeon.
             The game lasted 00:10:15 (4611 turns).

LustLizard the Stinger (Gargoyle Venom Mage)        Turns: 4611, Time: 00:10:15

Health: -1/35      AC:  9    Str: 12    XL:     6   Next: 94%
Magic:  10/10      EV: 11    Int: 20    God:
Gold:   170        SH:  0    Dex: 10    Spells: 4/10 levels left

rFire   . . .      SeeInvis .   g - +2 dagger (freeze)
rCold   . . .      Faith    .   (no shield)
rNeg    + . .      Spirit   .   n - +0 leather armour
rPois   ∞          Reflect  .   q - +1 hat {Int+3}
rElec   +          Harm     .   (no cloak)
rCorr   .          Rampage  .   h - +0 pair of gloves
Will    .....                   (no boots)
Stlth   ++........              (no amulet)
HPRegen 0.11/turn               (no ring)
MPRegen 0.12/turn               (no ring)

@: no status effects
A: sickness immunity, AC +4, negative energy resistance 1, electricity
resistance, torment resistance 1, petrification resistance
a: no special abilities


You were on level 5 of the Dungeon.
You visited 1 branch of the dungeon, and saw 5 of its levels.
You also visited: Sewer.

You collected 170 gold pieces.

Inventory:

Hand Weapons
 c - a +0 short sword
 g - a +2 dagger of freezing (weapon)
Missiles
 d - 5 poisoned darts
 e - 99 stones
 f - 4 silver javelins
Armour
 a - a +0 robe
 h - a +0 pair of gloves (worn)
 n - a +0 leather armour (worn)
 q - a +1 hat of intelligence (worn)
Scrolls
 b - a scroll of holy word {unknown}
 l - a scroll of immolation {unknown}
 m - a scroll of blinking {unknown}
 p - a scroll of torment {unknown}
 s - a scroll of teleportation {unknown}
 t - 3 scrolls of fog {unknown}
 v - a scroll of enchant weapon {unknown}
 x - a scroll of identify {unknown}
 y - a scroll of noise {unknown}
 z - a scroll of silence {unknown}
 A - a scroll of amnesia {unknown}
 B - a scroll of magic mapping {unknown}
Potions
 i - a potion of lignification {unknown}
 j - 5 potions of curing {unknown}
 k - a potion of might {unknown}
 o - 2 potions of mutation {unknown}
 r - 2 potions of invisibility {unknown}
 u - 2 potions of flight {unknown}
 w - a potion of attraction {unknown}


   Skills:
 + Level 2.1 Fighting
 - Level 1.5 Dodging
 + Level 3.4 Stealth
 + Level 2.9 Spellcasting
 * Level 2.6 Conjurations
 * Level 0.9 Translocations
 - Level 1.5 Transmutations
 * Level 2.0 Air Magic
 * Level 4.4 Poison Magic


You had 4 spell levels left.
You knew the following spells:

 Your Spells              Type           Power      Damage    Failure   Level
a - Sting                 Tmut/Pois      60%        1d6       5%          1
b - Mephitic Cloud        Conj/Pois/Air  15%        N/A       16%         3
c - Blink                 Tloc           12%        N/A       19%         2

Your spell library contained the following spells:

 Spells                   Type           Power      Damage    Failure   Level
 Poisonous Vapours        Pois/Air       30%        N/A       8%          2
 Olgreb's Toxic Radiance  Pois           20%        N/A       28%         4
 Lesser Beckoning         Tloc           6%         N/A       36%         3
 Leda's Liquefaction      Hex/Erth       1%         N/A       88%         4
 Manifold Assault         Tloc           6%         N/A       98%         5
 Lee's Rapid Deconstruct  Erth           1%         3d5*      99%         5
 Statue Form              Tmut/Erth      Unusable   N/A       N/A         6

Dungeon Overview and Level Annotations

Branches:
Dungeon (5/15)              Sewer (visited)
 Temple: D:4-7

Altars:
Vehumet
Xom


Innate Abilities, Weirdness & Mutations

You are immune to sickness and miasma.
Your stone body is resilient. (AC +4)
You are immune to poison.
You resist negative energy. (rN+)
You are resistant to electric shocks. (rElec)
You are resistant to unholy torment.
You are immune to petrification.


Message History

The phantom barely misses you.
You hit the phantom but do no damage.
The phantom is severely damaged.
The phantom hits you.
The phantom blinks!
You blink.
You hit the phantom.
The phantom is severely damaged.
The phantom hits you but does no damage.
You barely miss the phantom.
The phantom is severely damaged.
The phantom hits you.
* * * LOW HITPOINT WARNING * * *
You hit the phantom.
The phantom is almost destroyed.
The phantom closely misses you.
You miss the phantom.
The phantom is almost destroyed.
The phantom misses you.
You barely miss the phantom.
The phantom is almost destroyed.
The phantom closely misses you.
You hit the phantom.
The phantom is almost destroyed.
The phantom barely misses you.
You barely miss the phantom.
The phantom is almost destroyed.
The phantom closely misses you.
You hit the phantom.
The phantom is almost destroyed.
The phantom hits you!
* * * LOW HITPOINT WARNING * * *
You barely miss the phantom.
The phantom is almost destroyed.
The phantom hits you but does no damage.
You closely miss the phantom.
The phantom is almost destroyed.
The phantom completely misses you.
You barely miss the phantom.
The phantom is almost destroyed.
The phantom hits you.
You die...

###########
#.........#
#........@#
#........W#
#.........#
######.........#######
#<§..'................
######.........#######
#.........#
#.........#
###########


You could see a phantom.

Vanquished Creatures
  Pargi (Sewer)
  A black bear (D:4)
  A hound (D:4)
  A bullfrog skeleton (D:4)
  An iguana (D:4)
  6 adders
  An adder skeleton (D:4)
  4 worms
  2 dart slugs
  8 orcs
  7 ball pythons
  5 endoplasms
  2 giant cockroaches
  3 hobgoblins
  A jackal (D:3)
  8 bats
  7 frilled lizards
  10 goblins
  7 kobolds
  7 rats
83 creatures vanquished.

Notes
Turn   | Place    | Note
-------+----------+-------------------------------------------
     0 | D:1      | LustLizard the Gargoyle Venom Mage began the quest for the
                  | Orb.
     0 | D:1      | Reached XP level 1. HP: 10/10 MP: 3/3
    49 | D:1      | Found a faded altar of an unknown god.
   123 | D:1      | Reached skill level 1 in Transmutations
   280 | D:1      | Reached XP level 2. HP: 16/16 MP: 3/5
   823 | D:2      | Reached XP level 3. HP: 14/20 MP: 3/6
  1071 | D:2      | Found a radiant altar of Vehumet.
  1304 | D:2      | Reached skill level 1 in Fighting
  2023 | D:3      | Learned a level 3 spell: Mephitic Cloud
  2087 | D:3      | Reached XP level 4. HP: 25/25 MP: 7/7
  2122 | D:3      | Found a glowing drain.
  2135 | Sewer    | Entered a sewer
  2146 | Sewer    | Noticed Pargi
  2159 | Sewer    | Killed Pargi
  2160 | Sewer    | Reached skill level 1 in Conjurations
  2160 | Sewer    | Reached skill level 1 in Air Magic
  2160 | Sewer    | Reached skill level 4 in Poison Magic
  2160 | Sewer    | Reached XP level 5. HP: 15/29 MP: 2/8
  2582 | D:3      | Found a shimmering altar of Xom.
  3116 | D:4      | Reached XP level 6. HP: 21/35 MP: 9/9
  3629 | D:4      | Learned a level 2 spell: Blink
  3915 | D:5      | Entered Level 5 of the Dungeon
  4472 | D:5      | Noticed a black bear
  4489 | D:4      | Killed a black bear
  4611 | D:5      | Slain by a phantom

Illustrated notes

Levels and vault maps discovered:
D:1:      amcnicky_arrival_flooded_fountain, layout_rooms,
          basic_ecumenical_altar
D:2:      layout_basic, basic_altar
D:3:      layout_rooms, mainiacjoe_overflow_alcove_1, portal_sewer_entry_d,
          wad_rectangle_vault
D:4:      layout_loops_cross
D:5:      layout_basic, nicolae_underground_beach

Skill      XL: |  1  2  3  4  5  6 |
---------------+-------------------+-----
Transmutations | 1 |  1.5
Fighting       | 1 2 |  2.1
Stealth        | 3 |  3.4
Conjurations   | 1 2 |  2.6
Air Magic      | 1 2 |  2.0
Poison Magic   | 4 |  4.4
Dodging        | |  1.5
Spellcasting   | |  2.9
Translocations | |  0.9

Action                   |  1- 3 |  4- 6 || total
-------------------------+-------+-------++-------
Melee: Short sword       |    15 |       ||    15
       Unarmed           |     4 |       ||     4
       Dagger            |    42 |   152 ||   194
 Cast: Sting             |    34 |    48 ||    82
 Stab: Sleeping          |     4 |     5 ||     9
Armor: Robe              |     7 |       ||     7
       Leather armour    |     1 |    67 ||    68
Dodge: Dodged            |    27 |   107 ||   134
